 Dungeon Crawl Stone Soup version 0.28.0-53-g5a82cb258f (webtiles) character file.

Game seed: 7870594683819958856

98 Ashen the Chiller (level 4, 0/42 HPs)
             Began as an Ogre Ice Elementalist on June 18, 2022.
             Slain by a phantom (4 damage)
             ... on level 4 of the Dungeon.
             The game lasted 00:04:05 (2539 turns).

Ashen the Chiller (Ogre Ice Elementalist)           Turns: 2539, Time: 00:04:06

Health: 0/42       AC:  3    Str: 12    XL:     4   Next: 69%
Magic:  6/8        EV: 10    Int: 18    God:
Gold:   93         SH:  0    Dex:  9    Spells: 2/9 levels left

rFire   . . .      SeeInvis .   q - +0 mace
rCold   . . .      Faith    .   (no shield)
rNeg    . . .      Spirit   .   a - +0 robe
rPois   .          Reflect  .   (helmet restricted)
rElec   .          Harm     .   (no cloak)
rCorr   .          Rampage  .   (gloves unavailable)
Will    .....                   (boots unavailable)
Stlth   ++........              (no amulet)
HPRegen 0.14/turn               (no ring)
MPRegen 0.11/turn               (no ring)

@: brilliant
A: large, unfitting armour, tough skin 1
a: no special abilities


You were on level 4 of the Dungeon.
You visited 1 branch of the dungeon, and saw 4 of its levels.

You collected 93 gold pieces.

Inventory:

Hand Weapons
 q - a +0 mace (weapon)
Missiles
 j - 2 throwing nets
Armour
 a - a +0 robe (worn)
Scrolls
 c - 2 scrolls of identify {unknown}
 g - a scroll of noise {unknown}
 i - a scroll of teleportation {unknown}
 k - a scroll of torment {unknown}
 l - a scroll of blinking {unknown}
 o - a scroll of vulnerability {unknown}
 p - a scroll of amnesia {unknown}
Potions
 d - 2 potions of haste {unknown}
 e - 2 potions of brilliance
 f - a potion of attraction {unknown}
 h - 4 potions of curing {unknown}
 m - a potion of lignification {unknown}
 n - 2 potions of mutation {unknown}


   Skills:
 + Level 2.1 Fighting
 + Level 1.1 Maces & Flails
 + Level 2.2 Dodging
 + Level 2.1 Stealth
 + Level 3.1 Spellcasting
 + Level 3.9 Ice Magic


You had 2 spell levels left.
You knew the following spells:

 Your Spells              Type           Power      Damage    Failure   Level
a - Freeze                Ice            100%       1d11      3%          1
b - Frozen Ramparts       Ice            50%        1d7       10%         3
c - Ozocubu's Armour      Ice            25%        N/A       10%         3

Your spell library contained the following spells:

 Spells                   Type           Power      Damage    Failure   Level
 Hailstorm                Conj/Ice       14%        3d5       56%         4


Dungeon Overview and Level Annotations

Branches:
Dungeon (4/15)
 Temple: D:4-7

Altars:

Annotations:
D:3 Sigmund


Innate Abilities, Weirdness & Mutations

You are too large for most types of armour.
You have tough skin. (AC +1)


Message History

Aiming: Freeze (safe; 3% risk of failure)
Press: ? - help, Shift-Dir - straight line, f/p - phantom
Aim: a phantom (heavily damaged)
You freeze the phantom.
The phantom resists.
The phantom is heavily damaged.
The phantom hits you.
The phantom blinks!
You blink.
Casting: Freeze (safe; 3% risk of failure)
Confirm with . or Enter, or press ? or * to list all spells.
Aiming: Freeze (safe; 3% risk of failure)
Press: ? - help, Shift-Dir - straight line, f/p - phantom
Aim: a phantom (heavily damaged)
You freeze the phantom but do no damage.
The phantom completely resists.
The phantom hits you.
* * * LOW HITPOINT WARNING * * *
Casting: Freeze (safe; 3% risk of failure)
Confirm with . or Enter, or press ? or * to list all spells.
Aiming: Freeze (safe; 3% risk of failure)
Press: ? - help, Shift-Dir - straight line, f/p - phantom
Aim: a phantom (heavily damaged)
You miscast Freeze.
You are very lightly contaminated with residual magic.
Nothing appears to happen.
The phantom closely misses you.
Your magical contamination has completely faded away.
Found a stone staircase leading up.
The phantom hits you!
* * * LOW HITPOINT WARNING * * *
The phantom blinks!
You blink.
Casting: Freeze (safe; 3% risk of failure)
Confirm with . or Enter, or press ? or * to list all spells.
Aiming: Freeze (safe; 3% risk of failure)
Press: ? - help, Shift-Dir - straight line, f/p - phantom
Aim: a phantom (lightly damaged)
You freeze the phantom but do no damage.
The phantom completely resists.
The phantom hits you!
* * * LOW HITPOINT WARNING * * *
Unknown command.
It was a potion of brilliance.
You feel clever all of a sudden. The phantom hits you.
You die...

#......#########
#......#.......#
#......#.......# ##
#......#.......# #.
#......#.......# #.
#....<.#.......##### #.
#......#.......#.#.#. #.
##.#.#.#+#+#.#.#.#.# #.#
#.#.#.#@#.#.#.#.#.#.#.##
##.#.#.#W#.#.#.#.#.#.# #
#.#.#.#.#.#.#.#.#.#.#.##
###.#.#.#.#.#.#.#.#.#.#.#
.....>.#.#.#.#.#.#.#.#.#.#.
#####.#.#.#.#.#.#.#.#(#.#.#
#.#.#.#.#.#.#.#.#.#.#.## #.
###.#.#.#.#.#.#.#.#.#.#.#
#.###..#.#.#.#.#.#.#.#.#.#.##


You could see a phantom.

Vanquished Creatures
  Terence (D:2)
  A hound skeleton (D:4)
  An adder (D:4)
  2 dart slugs (D:1)
  An orc (D:3)
  6 endoplasms (D:1)
  A giant cockroach (D:1)
  6 goblins
  3 hobgoblins
  5 quokkas
  6 ball pythons
  3 bats (D:1)
  3 frilled lizards (D:1)
  6 rats (D:1)
45 creatures vanquished.

Notes
Turn   | Place    | Note
-------+----------+-------------------------------------------
     0 | D:1      | Ashen the Ogre Ice Elementalist began the quest for the
                  | Orb.
     0 | D:1      | Reached XP level 1. HP: 16/16 MP: 3/3
   546 | D:1      | Reached XP level 2. HP: 23/26 MP: 3/5
   703 | D:1      | Reached skill level 1 in Fighting
   938 | D:1      | Reached XP level 3. HP: 16/33 MP: 0/7
   942 | D:1      | Learned a level 3 spell: Frozen Ramparts
   946 | D:1      | Learned a level 3 spell: Ozocubu's Armour
  1715 | D:2      | Noticed Terence
  1718 | D:2      | Killed Terence
  1719 | D:2      | Reached skill level 1 in Maces & Flails
  1719 | D:2      | Reached XP level 4. HP: 40/42 MP: 2/8
  2270 | D:3      | Noticed Sigmund
  2448 | D:4      | Noticed a phantom
  2539 | D:4      | Slain by a phantom

Illustrated notes

Levels and vault maps discovered:
D:1:      sevenhm_arrival_forest_fort_large_4, layout_basic,
          minmay_split_cup_large
D:2:      layout_basic, uniq_terence
D:3:      layout_basic, uniq_robin, uniq_sigmund, uniq_jessica
D:4:      cheibrodos_helix_gallery, layout_basic, uniq_natasha, uniq_grinder,
          uniq_edmund

Skill      XL: |  1  2  3  4 |
---------------+-------------+-----
Dodging        | 2 |  2.2
Fighting       | 1 2 |  2.1
Maces & Flails | 1 |  1.1
Stealth        | 2 |  2.1
Spellcasting   | 3 |  3.1
Ice Magic      | |  3.9

Action                   |  1- 3 |  4- 6 || total
-------------------------+-------+-------++-------
Melee: Club              |    19 |     2 ||    21
       Unarmed           |     1 |       ||     1
       Mace              |       |    16 ||    16
 Cast: Freeze            |    55 |    17 ||    72
       Frozen Ramparts   |     1 |     1 ||     2
  Use: Potion            |       |     1 ||     1
Armor: Robe              |     7 |     7 ||    14
Dodge: Dodged            |    39 |    23 ||    62
